Monarchs vs Devils

Created - Tuesday, March 03, 2015 at 23:58

Goals
1 2 3 T
Monarchs 1 1 0 2
Devils 0 1 0 1
Shots
1 2 3 T
Monarchs 6 8 7 21
Devils 10 9 6 25

1st period

1. Monarchs , Keith Ballard 45 (Joe Morrow) at 19:38 (PP)

Penalties :
Taylor Doherty (MAN) for Tripping (Minor) at 2:00, Theo Peckham (LOW) for Fighting (Major) at 7:38, Taylor Doherty (MAN) for Fighting (Major) at 7:38, Colin Miller (LOW) for Checking from behind (Major) at 15:57

2nd period

2. Devils , Sergey Andronov 3 (Sergei Gonchar) at 13:24 (SH)
3. Monarchs , Mikhail Grigorenko 19 (Joe Morrow) at 13:40 (PP)

Penalties :
Gabriel Beaupre (LOW) for High sticking (Minor) at 2:07, Taylor Doherty (MAN) for Holding (Minor) at 9:28, Theo Peckham (LOW) for Hooking (Minor) at 13:14, Raffi Torres (MAN) for Hooking (Minor) at 16:30

3rd period

No Goal

Penalties :
Matthew Ford (LOW) for Roughing (Minor) at 5:58

Goalie Stats

Niklas Svedberg (MAN), 24 saves from 25 shots - (0.960), W, 30-22-6, 60:00 minutes
Devan Dubnyk (LOW), 19 saves from 21 shots - (0.905), L, 24-15-25, 59:17 minutes

Players Stats for Monarchs

Player Name              G  A  P  +/- PIM S  H  SB GA TA FO     MP     PP MP  PK MP  
------------------------------------------------------------------------------------
Brett Olson              0  0  0   0  0   0  2  0  1  0  3/4    15:50   1:06   0:00 
Byron Froese             0  0  0   0  0   0  0  0  0  0  0/0     0:00   0:00   0:00 
C.J. Stretch             0  0  0   0  0   0  1  1  3  0  4/7    11:50   0:00   1:59 
Derek Forbort            0  0  0   0  0   1  2  4  1  1  0/0    22:00   4:21   2:31 
Evgeny Kuznetsov         0  0  0  -1  0   0  0  0  4  1  7/15   20:16   4:17   1:40 
Farm Player16            0  0  0   0  0   0  0  0  0  0  1/1    19:14   1:00   3:39 
Jared Knight             0  0  0  -1  0   0  2  0  0  0  0/0    18:34   4:54   0:00 
Jason Jaffray            0  0  0   0  0   3  2  0  0  0  0/0    21:05   3:16   2:32 
Joe Morrow               0  2  2  -1  0   1  2  4  0  2  0/0    25:38   4:54   3:26 
Jordan Hill              0  0  0   0  0   0  0  0  0  1  0/0    14:12   0:08   0:00 
Keith Ballard            1  0  1  -1  0   2  2  2  1  0  0/0    25:38   4:54   3:26 
Luke Gazdic              0  0  0   0  0   3  3  0  1  0  0/0    12:30   1:05   0:00 
Matej Stransky           0  0  0   0  0   1  1  0  5  1  0/0    18:29   4:07   0:00 
Mathieu Tousignant       0  0  0   0  0   0  0  0  0  0  0/0     0:00   0:00   0:00 
Mikhail Grigorenko       1  0  1   0  0   5  2  0  2  0  7/10   18:31   4:07   0:00 
Raffi Torres             0  0  0   0  2   1  0  0  0  0  0/0    10:31   0:00   1:21 
Ryan Malone              0  0  0  -1  0   4  3  0  2  0  0/2    22:25   4:17   2:47 
Taylor Doherty           0  0  0   0  9   0  0  0  0  0  0/0    17:16   4:29   0:27 

Players Stats for Devils

Player Name              G  A  P  +/- PIM S  H  SB GA TA FO     MP     PP MP  PK MP  
------------------------------------------------------------------------------------
Brendan Shinnimin        0  0  0   0  0   1  2  0  2  1  4/8    21:00   2:35   2:05 
Chris Wideman            0  0  0   0  0   0  1  1  0  0  0/0    21:45   2:48   3:53 
Colin Miller             0  0  0   1  5   0  1  0  1  0  0/0    23:12   3:09   2:14 
Curtis Hamilton          0  0  0   0  0   0  0  0  0  0  0/0     5:42   0:00   2:02 
Darren Archibald         0  0  0   0  0   0  1  0  0  0  0/0     1:09   0:00   0:44 
Darroll Powe             0  0  0   0  0   2  5  0  2  1  10/18  23:19   2:10   4:49 
Drew MacKenzie           0  0  0   0  0   1  0  0  1  0  0/0    14:22   0:00   2:17 
Gabriel Beaupre          0  0  0   0  2   0  0  0  0  0  0/0    15:53   0:00   0:59 
Jordan Martinook         0  0  0   0  0   2  1  0  1  0  0/2    11:17   0:41   0:00 
Matthew Ford             0  0  0   0  2   5  0  0  1  1  1/1    16:32   2:41   0:00 
Pascal Pelletier         0  0  0   0  0   0  2  2  0  1  0/1    21:29   3:16   2:32 
Rod Pelley               0  0  0   1  0   0  1  0  0  0  1/5    22:28   2:41   4:52 
Sean Collins             0  0  0   0  0   2  1  1  3  0  0/0    13:51   0:31   0:00 
Sergei Gonchar           0  1  1   1  0   7  0  4  1  4  0/0    25:11   3:09   4:31 
Sergey Andronov          1  0  1   1  0   5  1  1  0  0  1/3    15:11   0:00   1:42 
Theo Peckham             0  0  0   0  7   0  4  2  0  2  0/0    20:08   2:48   4:52 
Yanni Gourde             0  0  0   0  0   0  0  0  0  0  0/0     0:00   0:00   0:00 
Zach O'Brien             0  0  0   0  0   0  2  0  0  0  0/1    18:03   3:16   0:00 

3 Stars

1 - Niklas Svedberg (MAN)
2 - Sergey Andronov (LOW)
3 - Mikhail Grigorenko (MAN)

Power Play

Monarchs - 2 on 5 Attempt(s) - 40.00%
Devils - 0 on 3 Attempt(s) - 0.00%

Penalty Kill

Monarchs - 3 on 3 Attempt(s) - 100.00% - Score 0 goal in Penalty Kill
Devils - 3 on 5 Attempt(s) - 60.00% - Score 1 goal in Penalty Kill

Team Stat

Monarchs - Hits : 22 - Faceoff Wins : 22 - Blocked Shots : 11 - Penalty Minutes : 11
Devils - Hits : 22 - Faceoff Wins : 17 - Blocked Shots : 11 - Penalty Minutes : 16

Official

Referees : Unknown
Linesman : Unknown

Game Notes

Taylor Doherty beats up Theo Peckham at 7:38 of 1st period

Finance

Level 1 -- Attendance: 1579 (78.95%) -- Ticket Income $55,265
Level 2 -- Attendance: 758 (75.80%) -- Ticket Income $11,370
Total Attendance: 2337 (77.90%)
Total Ticket Income: $66,635
Other Income: $32,651
Total Income: $99,286

Monarchs

5 vs 5 Forward 
   Center                   Left Wing                Right Wing               Time % Phy DF OF 
 1 Evgeny Kuznetsov         Ryan Malone              Jared Knight             35     1   2  2  
 2 Mikhail Grigorenko       Jason Jaffray            Matej Stransky           30     1   2  2  
 3 Brett Olson              Raffi Torres             Ryan Malone              22     1   2  2  
 4 C.J. Stretch             Luke Gazdic              Jason Jaffray            13     1   2  2  

5 vs 5 Defense 
   Defense                  Defense                                           Time % Phy DF OF 
 1 Keith Ballard            Joe Morrow                                        35     1   2  2  
 2 Derek Forbort            Taylor Doherty                                    30     1   2  2  
 3 Jordan Hill              Farm Player16                                     22     1   2  2  
 4 Keith Ballard            Joe Morrow                                        13     1   2  2  

PowerPlay Forward 
   Center                   Left Wing                Right Wing               Time % Phy DF OF 
 1 Evgeny Kuznetsov         Ryan Malone              Jared Knight             60     1   2  2  
 2 Mikhail Grigorenko       Jason Jaffray            Matej Stransky           40     1   2  2  

PowerPlay Defense
   Defense                  Defense                                           Time % Phy DF OF 
 1 Keith Ballard            Joe Morrow                                        60     1   2  2  
 2 Derek Forbort            Taylor Doherty                                    40     1   2  2  

Penalty Kill 4 Players Forward 
   Center                   Wing                     Time % Phy DF OF 
 1 Ryan Malone              Jason Jaffray            60     1   2  2  
 2 Raffi Torres             Evgeny Kuznetsov         40     1   2  2  

Penalty Kill 4 Players Defense
   Defense                  Defense                  Time % Phy DF OF 
 1 Keith Ballard            Joe Morrow               60     1   2  2  
 2 Derek Forbort            Taylor Doherty           40     1   2  2  

Penalty Kill - 3 Players Forward 
   Forward                                           Time % Phy DF OF 
 1 Ryan Malone                                       60     1   2  2  
 2 Jason Jaffray                                     40     1   2  2  

Penalty Kill - 3 Players Defense
   Defense                  Defense                  Time % Phy DF OF 
 1 Keith Ballard            Joe Morrow               60     1   2  2  
 2 Derek Forbort            Taylor Doherty           40     1   2  2  

4 vs 4 Forward 
   Center                   Wing                     Time % Phy DF OF 
 1 Ryan Malone              Jason Jaffray            60     1   2  2  
 2 Raffi Torres             Evgeny Kuznetsov         40     1   2  2  

4 vs 4 Defense
   Defense                  Defense                  Time % Phy DF OF 
 1 Keith Ballard            Joe Morrow               60     1   2  2  
 2 Derek Forbort            Taylor Doherty           40     1   2  2  

Last Minutes Offensive
   Center                   Left Wing                Right Wing               Defense                  Defense                  
   Evgeny Kuznetsov         Ryan Malone              Jared Knight             Keith Ballard            Joe Morrow               

Last Minutes Defensive
   Center                   Left Wing                Right Wing               Defense                  Defense                  
   Evgeny Kuznetsov         Ryan Malone              Jared Knight             Keith Ballard            Joe Morrow               

Goaltenders
Starting : Niklas Svedberg          
Backup : Reto Berra               

Extra Forwards
Normal : Brett Olson, Luke Gazdic, C.J. Stretch - PP : Brett Olson, Luke Gazdic - PK : C.J. Stretch
Extra Defensemen
Normal : Jordan Hill, Farm Player16, Derek Forbort - PP : Jordan Hill - PK : Farm Player16, Derek Forbort
Penalty Shots
Ryan Malone, Jason Jaffray, Raffi Torres, Evgeny Kuznetsov, Mikhail Grigorenko

Devils

5 vs 5 Forward 
   Center                   Left Wing                Right Wing               Time % Phy DF OF 
 1 Darroll Powe             Rod Pelley               Matthew Ford             35     1   2  2  
 2 Brendan Shinnimin        Pascal Pelletier         Zach O'Brien             30     1   2  2  
 3 Darroll Powe             Sean Collins             Sergey Andronov          22     1   2  2  
 4 Rod Pelley               Jordan Martinook         Brendan Shinnimin        13     1   2  2  

5 vs 5 Defense 
   Defense                  Defense                                           Time % Phy DF OF 
 1 Sergei Gonchar           Colin Miller                                      35     1   2  2  
 2 Chris Wideman            Theo Peckham                                      30     1   2  2  
 3 Gabriel Beaupre          Drew MacKenzie                                    22     1   2  2  
 4 Sergei Gonchar           Colin Miller                                      13     1   2  2  

PowerPlay Forward 
   Center                   Left Wing                Right Wing               Time % Phy DF OF 
 1 Darroll Powe             Rod Pelley               Matthew Ford             60     1   2  2  
 2 Brendan Shinnimin        Pascal Pelletier         Zach O'Brien             40     1   2  2  

PowerPlay Defense
   Defense                  Defense                                           Time % Phy DF OF 
 1 Sergei Gonchar           Colin Miller                                      60     1   2  2  
 2 Chris Wideman            Theo Peckham                                      40     1   2  2  

Penalty Kill 4 Players Forward 
   Center                   Wing                     Time % Phy DF OF 
 1 Darroll Powe             Rod Pelley               60     1   2  2  
 2 Brendan Shinnimin        Pascal Pelletier         40     1   2  2  

Penalty Kill 4 Players Defense
   Defense                  Defense                  Time % Phy DF OF 
 1 Sergei Gonchar           Colin Miller             60     1   2  2  
 2 Chris Wideman            Theo Peckham             40     1   2  2  

Penalty Kill - 3 Players Forward 
   Forward                                           Time % Phy DF OF 
 1 Darroll Powe                                      60     1   2  2  
 2 Rod Pelley                                        40     1   2  2  

Penalty Kill - 3 Players Defense
   Defense                  Defense                  Time % Phy DF OF 
 1 Sergei Gonchar           Colin Miller             60     1   2  2  
 2 Chris Wideman            Theo Peckham             40     1   2  2  

4 vs 4 Forward 
   Center                   Wing                     Time % Phy DF OF 
 1 Darroll Powe             Rod Pelley               60     1   2  2  
 2 Brendan Shinnimin        Pascal Pelletier         40     1   2  2  

4 vs 4 Defense
   Defense                  Defense                  Time % Phy DF OF 
 1 Sergei Gonchar           Colin Miller             60     1   2  2  
 2 Chris Wideman            Theo Peckham             40     1   2  2  

Last Minutes Offensive
   Center                   Left Wing                Right Wing               Defense                  Defense                  
   Darroll Powe             Rod Pelley               Matthew Ford             Sergei Gonchar           Colin Miller             

Last Minutes Defensive
   Center                   Left Wing                Right Wing               Defense                  Defense                  
   Darroll Powe             Rod Pelley               Matthew Ford             Sergei Gonchar           Colin Miller             

Goaltenders
Starting : Devan Dubnyk             
Backup : Robert Mayer             

Extra Forwards
Normal : Sean Collins, Jordan Martinook, Sergey Andronov - PP : Sean Collins, Jordan Martinook - PK : Sergey Andronov
Extra Defensemen
Normal : Gabriel Beaupre, Drew MacKenzie, Chris Wideman - PP : Gabriel Beaupre - PK : Drew MacKenzie, Chris Wideman
Penalty Shots
Darroll Powe, Rod Pelley, Brendan Shinnimin, Pascal Pelletier, Sean Collins

% Time on Ice - Monarchs

Lines # - Real PCT - Wanted PCT - Time Play
Normal Forward
1 - 30% - 35% - 13:03
2 - 32% - 30% - 14:03
3 - 21% - 22% - 9:10
4 - 17% - 13% - 7:30
Normal Defense
1 - 35% - 35% - 15:10
2 - 35% - 30% - 15:08
3 - 27% - 22% - 11:51
4 - 4% - 13% - 1:37
PP Forward
1 - 56% - 60% - 5:16
2 - 44% - 40% - 4:07
PP Defense
1 - 52% - 60% - 4:54
2 - 48% - 40% - 4:29
PK Forward
1 - 75% - 60% - 4:27
2 - 25% - 40% - 1:30
PK Defense
1 - 58% - 60% - 3:26
2 - 42% - 40% - 2:31
PK3 Forward
1 - 0% - 60%
2 - 0% - 40%
PK3 Defense
1 - 0% - 60%
2 - 0% - 40%
44 Forward
1 - 0% - 60%
2 - 0% - 40%
44 Defense
1 - 0% - 60%
2 - 0% - 40%
Last Minute Offensive  - 0:00
Last Minute Defensive  - 0:54
Total
Forward - 60:00
Defense - 60:00

% Time on Ice - Devils

Lines # - Real PCT - Wanted PCT - Time Play
Normal Forward
1 - 28% - 35% - 12:13
2 - 33% - 30% - 14:21
3 - 29% - 22% - 12:33
4 - 11% - 13% - 4:54
Normal Defense
1 - 33% - 35% - 14:19
2 - 34% - 30% - 15:04
3 - 26% - 22% - 11:26
4 - 7% - 13% - 3:12
PP Forward
1 - 45% - 60% - 2:41
2 - 55% - 40% - 3:16
PP Defense
1 - 53% - 60% - 3:09
2 - 47% - 40% - 2:48
PK Forward
1 - 78% - 60% - 7:18
2 - 22% - 40% - 2:05
PK Defense
1 - 59% - 60% - 5:30
2 - 41% - 40% - 3:53
PK3 Forward
1 - 0% - 60%
2 - 0% - 40%
PK3 Defense
1 - 0% - 60%
2 - 0% - 40%
44 Forward
1 - 0% - 60%
2 - 0% - 40%
44 Defense
1 - 0% - 60%
2 - 0% - 40%
Last Minute Offensive  - 0:39
Last Minute Defensive  - 0:00
Total
Forward - 60:00
Defense - 60:00

Play by Play

1st period


0:01 of 1st period - Darroll Powe wins face-off versus Evgeny Kuznetsov in neutral zone.
0:29 of 1st period - Wrist shot by Matthew Ford.
0:29 of 1st period - Stopped by Niklas Svedberg with a rebound.
0:31 of 1st period - Slapshot by Sergei Gonchar.
0:31 of 1st period - Shot Hit the Post.
0:55 of 1st period - Wrist shot by Brendan Shinnimin.
0:55 of 1st period - Stopped by Niklas Svedberg without a rebound.
0:56 of 1st period - Mikhail Grigorenko wins face-off versus Brendan Shinnimin in Monarchs zone.
1:27 of 1st period - Snap shot by Pascal Pelletier.
1:27 of 1st period - Shot Blocked by Derek Forbort.
2:00 of 1st period - Minor Penalty to Taylor Doherty for Tripping.
2:01 of 1st period - Darroll Powe wins face-off versus Ryan Malone in Monarchs zone.
2:05 of 1st period - Backhand shot by Sergei Gonchar.
2:05 of 1st period - Shot Misses the Net.
2:11 of 1st period - Slapshot by Sergei Gonchar.
2:11 of 1st period - Stopped by Niklas Svedberg with a rebound.
2:13 of 1st period - Slapshot by Sergei Gonchar.
2:13 of 1st period - Shot Blocked by Keith Ballard.
2:23 of 1st period - Slapshot by Sergei Gonchar.
2:23 of 1st period - Stopped by Niklas Svedberg with a rebound.
4:00 of 1st period - Penalty to Taylor Doherty is over, Taylor Doherty is back on ice.
4:03 of 1st period - Taylor Doherty is hit by Rod Pelley and loses puck.
4:10 of 1st period - Snap shot by Matthew Ford.
4:10 of 1st period - Deflect By Darroll Powe.
4:10 of 1st period - Stopped by Niklas Svedberg with a rebound.
4:12 of 1st period - Slapshot by Matthew Ford.
4:12 of 1st period - Shot Misses the Net.
4:14 of 1st period - Slapshot by Gabriel Beaupre.
4:14 of 1st period - Deflect By Matthew Ford.
4:14 of 1st period - Shot Blocked by C.J. Stretch.
4:14 of 1st period - Puck is out of play.
4:15 of 1st period - Mikhail Grigorenko wins face-off versus Darroll Powe in Monarchs zone.
4:21 of 1st period - Icing by Mikhail Grigorenko.
4:22 of 1st period - Darroll Powe wins face-off versus Mikhail Grigorenko in Monarchs zone.
4:55 of 1st period - Wrist shot by Brendan Shinnimin.
4:55 of 1st period - Shot Misses the Net.
4:57 of 1st period - Slapshot by Drew MacKenzie.
4:57 of 1st period - Stopped by Niklas Svedberg without a rebound.
4:58 of 1st period - Brett Olson wins face-off versus Rod Pelley in Monarchs zone.
5:21 of 1st period - Snap shot by Luke Gazdic.
5:21 of 1st period - Stopped by Devan Dubnyk with a rebound.
5:37 of 1st period - Sergei Gonchar is hit by Jared Knight and loses puck.
5:44 of 1st period - Jared Knight is hit by Zach O'Brien and loses puck.
7:30 of 1st period - Darroll Powe is hit by Matej Stransky and loses puck.
7:38 of 1st period - Taylor Doherty beats up Theo Peckham.
7:38 of 1st period - Penalty to Theo Peckham for Fighting.
7:38 of 1st period - Penalty to Taylor Doherty for Fighting.
7:39 of 1st period - Brett Olson wins face-off versus Brendan Shinnimin in neutral zone.
9:13 of 1st period - Pascal Pelletier is hit by Keith Ballard and loses puck.
9:20 of 1st period - Evgeny Kuznetsov is hit by Chris Wideman and loses puck.
9:48 of 1st period - Snap shot by Sean Collins.
9:48 of 1st period - Stopped by Niklas Svedberg with a rebound.
9:50 of 1st period - Slapshot by Jordan Martinook.
9:50 of 1st period - Stopped by Niklas Svedberg with a rebound.
10:17 of 1st period - Icing by Colin Miller.
10:18 of 1st period - C.J. Stretch wins face-off versus Jordan Martinook in Devils zone.
10:37 of 1st period - Pascal Pelletier is hit by Brett Olson and loses puck.
11:14 of 1st period - Icing by Gabriel Beaupre.
11:15 of 1st period - Mikhail Grigorenko wins face-off versus Darroll Powe in Devils zone.
11:49 of 1st period - Jordan Hill is hit by Brendan Shinnimin and loses puck.
12:43 of 1st period - Sergei Gonchar is hit by Mikhail Grigorenko and loses puck.
13:15 of 1st period - Sergey Andronov is hit by C.J. Stretch.
13:47 of 1st period - Jared Knight is hit by Zach O'Brien and loses puck.
14:00 of 1st period - Matej Stransky is hit by Theo Peckham and loses puck.
14:07 of 1st period - Slapshot by Sergei Gonchar.
14:07 of 1st period - Deflect By Matthew Ford.
14:07 of 1st period - Stopped by Niklas Svedberg with a rebound.
14:09 of 1st period - Slapshot by Sergei Gonchar.
14:09 of 1st period - Shot Blocked by Joe Morrow.
14:35 of 1st period - Slapshot by Sergei Gonchar.
14:35 of 1st period - Deflect By Raffi Torres.
14:35 of 1st period - Stopped by Niklas Svedberg with a rebound.
15:32 of 1st period - Matej Stransky is hit by Brendan Shinnimin and loses puck.
15:47 of 1st period - Slapshot by Luke Gazdic.
15:47 of 1st period - Shot Misses the Net.
15:49 of 1st period - Snap shot by Derek Forbort.
15:49 of 1st period - Stopped by Devan Dubnyk with a rebound.
15:51 of 1st period - Snap shot by Jared Knight.
15:51 of 1st period - Shot Misses the Net.
15:55 of 1st period - Snap shot by Evgeny Kuznetsov.
15:55 of 1st period - Shot Misses the Net.
15:57 of 1st period - Major Penalty to Colin Miller for Checking from behind.
15:58 of 1st period - Evgeny Kuznetsov wins face-off versus Darroll Powe in Devils zone.
16:03 of 1st period - Snap shot by Evgeny Kuznetsov.
16:03 of 1st period - Shot Blocked by Theo Peckham.
16:05 of 1st period - Slapshot by Joe Morrow.
16:05 of 1st period - Stopped by Devan Dubnyk with a rebound.
16:07 of 1st period - Slapshot by Ryan Malone.
16:07 of 1st period - Stopped by Devan Dubnyk with a rebound.
17:20 of 1st period - Farm Player16 is hit by Darroll Powe.
17:35 of 1st period - Icing by Jared Knight.
17:36 of 1st period - Evgeny Kuznetsov wins face-off versus Pascal Pelletier in Monarchs zone.
18:04 of 1st period - Slapshot by Keith Ballard.
18:04 of 1st period - Shot Blocked by Pascal Pelletier.
18:06 of 1st period - Snap shot by Jason Jaffray.
18:06 of 1st period - Stopped by Devan Dubnyk with a rebound.
18:26 of 1st period - Wrist shot by Evgeny Kuznetsov.
18:26 of 1st period - Shot Misses the Net.
18:28 of 1st period - Snap shot by Jared Knight.
18:28 of 1st period - Shot Blocked by Sergey Andronov.
18:30 of 1st period - Slapshot by Keith Ballard.
18:30 of 1st period - Shot Misses the Net.
19:08 of 1st period - Joe Morrow is hit by Darren Archibald and loses puck.
19:30 of 1st period - Joe Morrow is hit by Theo Peckham.
19:38 of 1st period - Slapshot by Keith Ballard.
19:38 of 1st period - Goal by Keith Ballard - Monarchs : 1 - Devils : 0.
19:39 of 1st period - Mikhail Grigorenko wins face-off versus Darroll Powe in neutral zone.
Goals for this period are 1 for Monarchs vs 0 for Devils.
Shots for this period are 6 for Monarchs vs 10 for Devils.

2nd period


0:01 of 2nd period - Darroll Powe wins face-off versus Evgeny Kuznetsov in neutral zone.
0:04 of 2nd period - Slapshot by Sergei Gonchar.
0:04 of 2nd period - Stopped by Niklas Svedberg with a rebound.
0:06 of 2nd period - Slapshot by Sergei Gonchar.
0:06 of 2nd period - Shot Hit the Post.
0:08 of 2nd period - Slapshot by Sergei Gonchar.
0:08 of 2nd period - Shot Misses the Net.
0:10 of 2nd period - Slapshot by Sergei Gonchar.
0:10 of 2nd period - Deflect By Evgeny Kuznetsov.
0:10 of 2nd period - Stopped by Niklas Svedberg with a rebound.
0:30 of 2nd period - Wrist shot by Darroll Powe.
0:30 of 2nd period - Shot Misses the Net.
0:57 of 2nd period - Penalty to Colin Miller is over, Colin Miller is back on ice.
1:48 of 2nd period - Jason Jaffray is hit by Theo Peckham and loses puck.
2:07 of 2nd period - Minor Penalty to Gabriel Beaupre for High sticking.
2:08 of 2nd period - Darroll Powe wins face-off versus Evgeny Kuznetsov in Devils zone.
2:37 of 2nd period - Jared Knight is hit by Pascal Pelletier and loses puck.
2:59 of 2nd period - Icing by Taylor Doherty.
3:00 of 2nd period - Evgeny Kuznetsov wins face-off versus Darroll Powe in Monarchs zone.
3:33 of 2nd period - Darroll Powe is hit by Joe Morrow and loses puck.
4:07 of 2nd period - Penalty to Gabriel Beaupre is over, Gabriel Beaupre is back on ice.
5:48 of 2nd period - Derek Forbort is hit by Jordan Martinook and loses puck.
6:19 of 2nd period - Wrist shot by Matthew Ford.
6:19 of 2nd period - Stopped by Niklas Svedberg without a rebound.
6:20 of 2nd period - Matthew Ford wins face-off versus C.J. Stretch in Monarchs zone.
6:28 of 2nd period - Off-side.
6:29 of 2nd period - Brendan Shinnimin wins face-off versus C.J. Stretch in neutral zone.
6:44 of 2nd period - Slapshot by Keith Ballard.
6:44 of 2nd period - Deflect By Pascal Pelletier.
6:44 of 2nd period - Stopped by Devan Dubnyk without a rebound.
6:45 of 2nd period - Darroll Powe wins face-off versus Evgeny Kuznetsov in Devils zone.
6:45 of 2nd period - Darroll Powe is hit by Joe Morrow.
7:02 of 2nd period - Wrist shot by Luke Gazdic.
7:02 of 2nd period - Stopped by Devan Dubnyk with a rebound.
7:08 of 2nd period - Snap shot by Jared Knight.
7:08 of 2nd period - Shot Misses the Net.
7:10 of 2nd period - Snap shot by Joe Morrow.
7:10 of 2nd period - Shot Misses the Net.
7:28 of 2nd period - Slapshot by Keith Ballard.
7:28 of 2nd period - Shot Blocked by Sean Collins.
7:30 of 2nd period - Wrist shot by Mikhail Grigorenko.
7:30 of 2nd period - Shot Misses the Net.
7:32 of 2nd period - Slapshot by Farm Player16.
7:32 of 2nd period - Shot Blocked by Sergei Gonchar.
8:18 of 2nd period - Snap shot by Ryan Malone.
8:18 of 2nd period - Stopped by Devan Dubnyk without a rebound.
8:19 of 2nd period - Evgeny Kuznetsov wins face-off versus Rod Pelley in Devils zone.
8:40 of 2nd period - Wrist shot by Mikhail Grigorenko.
8:40 of 2nd period - Stopped by Devan Dubnyk with a rebound.
8:51 of 2nd period - Zach O'Brien is hit by Jason Jaffray and loses puck.
9:12 of 2nd period - Snap shot by Matthew Ford.
9:12 of 2nd period - Shot Blocked by Derek Forbort.
9:14 of 2nd period - Slapshot by Chris Wideman.
9:14 of 2nd period - Shot Blocked by Derek Forbort.
9:16 of 2nd period - Wrist shot by Rod Pelley.
9:16 of 2nd period - Shot Misses the Net.
9:28 of 2nd period - Minor Penalty to Taylor Doherty for Holding.
9:29 of 2nd period - Farm Player16 wins face-off versus Brendan Shinnimin in Monarchs zone.
9:50 of 2nd period - Brendan Shinnimin is hit by Keith Ballard.
10:23 of 2nd period - Sean Collins is hit by Ryan Malone.
10:53 of 2nd period - Slapshot by Evgeny Kuznetsov.
10:53 of 2nd period - Shot Misses the Net.
10:55 of 2nd period - Wrist shot by Evgeny Kuznetsov.
10:55 of 2nd period - Shot Misses the Net.
11:20 of 2nd period - Slapshot by Sergei Gonchar.
11:20 of 2nd period - Shot Blocked by Derek Forbort.
11:28 of 2nd period - Penalty to Taylor Doherty is over, Taylor Doherty is back on ice.
11:38 of 2nd period - Sean Collins is hit by Derek Forbort and loses puck.
12:32 of 2nd period - Ryan Malone is hit by Sean Collins and loses puck.
13:00 of 2nd period - Wrist shot by Luke Gazdic.
13:00 of 2nd period - Shot Blocked by Chris Wideman.
13:02 of 2nd period - Wrist shot by Jason Jaffray.
13:02 of 2nd period - Stopped by Devan Dubnyk with a rebound.
13:14 of 2nd period - Minor Penalty to Theo Peckham for Hooking.
13:15 of 2nd period - Sergey Andronov wins face-off versus Evgeny Kuznetsov in Devils zone.
13:24 of 2nd period - Wrist shot by Sergey Andronov.
13:24 of 2nd period - Deflect By Keith Ballard.
13:24 of 2nd period - Goal by Sergey Andronov - Monarchs : 1 - Devils : 1.
13:25 of 2nd period - Darroll Powe wins face-off versus Mikhail Grigorenko in neutral zone.
13:40 of 2nd period - Wrist shot by Mikhail Grigorenko.
13:40 of 2nd period - Goal by Mikhail Grigorenko - Monarchs : 2 - Devils : 1.
13:41 of 2nd period - Brendan Shinnimin wins face-off versus Evgeny Kuznetsov in neutral zone.
14:32 of 2nd period - Snap shot by Darroll Powe.
14:32 of 2nd period - Shot Blocked by Joe Morrow.
14:34 of 2nd period - Snap shot by Sergey Andronov.
14:34 of 2nd period - Stopped by Niklas Svedberg without a rebound.
14:35 of 2nd period - C.J. Stretch wins face-off versus Sergey Andronov in Monarchs zone.
14:39 of 2nd period - Off-side.
14:40 of 2nd period - C.J. Stretch wins face-off versus Darroll Powe in neutral zone.
15:10 of 2nd period - Off-side.
15:11 of 2nd period - Evgeny Kuznetsov wins face-off versus Brendan Shinnimin in neutral zone.
15:30 of 2nd period - Backhand shot by Evgeny Kuznetsov.
15:30 of 2nd period - Shot Blocked by Pascal Pelletier.
15:32 of 2nd period - Snap shot by Joe Morrow.
15:32 of 2nd period - Shot Blocked by Sergei Gonchar.
15:34 of 2nd period - Slapshot by Keith Ballard.
15:34 of 2nd period - Shot Misses the Net.
15:36 of 2nd period - Slapshot by Keith Ballard.
15:36 of 2nd period - Shot Misses the Net.
15:38 of 2nd period - Wrist shot by Joe Morrow.
15:38 of 2nd period - Deflect By Evgeny Kuznetsov.
15:38 of 2nd period - Shot Misses the Net.
15:38 of 2nd period - Puck is out of play.
15:39 of 2nd period - Mikhail Grigorenko wins face-off versus Darroll Powe in Devils zone.
16:30 of 2nd period - Minor Penalty to Raffi Torres for Hooking.
16:31 of 2nd period - Darroll Powe wins face-off versus Ryan Malone in Monarchs zone.
16:32 of 2nd period - Snap shot by Sergei Gonchar.
16:32 of 2nd period - Stopped by Niklas Svedberg with a rebound.
16:44 of 2nd period - Snap shot by Matthew Ford.
16:44 of 2nd period - Stopped by Niklas Svedberg with a rebound.
16:54 of 2nd period - Keith Ballard is hit by Darroll Powe and loses puck.
17:19 of 2nd period - Slapshot by Sergei Gonchar.
17:19 of 2nd period - Stopped by Niklas Svedberg with a rebound.
17:21 of 2nd period - Snap shot by Zach O'Brien.
17:21 of 2nd period - Shot Blocked by Joe Morrow.
17:23 of 2nd period - Slapshot by Chris Wideman.
17:23 of 2nd period - Shot Misses the Net.
18:30 of 2nd period - Penalty to Raffi Torres is over, Raffi Torres is back on ice.
18:45 of 2nd period - Snap shot by Darroll Powe.
18:45 of 2nd period - Stopped by Niklas Svedberg without a rebound.
18:46 of 2nd period - Mikhail Grigorenko wins face-off versus Rod Pelley in Monarchs zone.
18:51 of 2nd period - Snap shot by Matej Stransky.
18:51 of 2nd period - Shot Misses the Net.
18:53 of 2nd period - Wrist shot by Matej Stransky.
18:53 of 2nd period - Stopped by Devan Dubnyk with a rebound.
18:55 of 2nd period - Slapshot by Taylor Doherty.
18:55 of 2nd period - Shot Misses the Net.
18:57 of 2nd period - Snap shot by Mikhail Grigorenko.
18:57 of 2nd period - Stopped by Devan Dubnyk with a rebound.
18:59 of 2nd period - Slapshot by Derek Forbort.
18:59 of 2nd period - Shot Misses the Net.
19:09 of 2nd period - Sergei Gonchar is hit by Brett Olson and loses puck.
19:37 of 2nd period - Jordan Hill is hit by Darroll Powe and loses puck.
19:58 of 2nd period - Slapshot by Joe Morrow.
19:58 of 2nd period - Deflect By Luke Gazdic.
19:58 of 2nd period - Shot Misses the Net.
19:58 of 2nd period - Puck is out of play.
19:59 of 2nd period - Brendan Shinnimin wins face-off versus C.J. Stretch in Devils zone.
Goals for this period are 1 for Monarchs vs 1 for Devils.
Shots for this period are 8 for Monarchs vs 9 for Devils.

3rd period


0:01 of 3rd period - Evgeny Kuznetsov wins face-off versus Rod Pelley in neutral zone.
0:10 of 3rd period - Snap shot by Ryan Malone.
0:10 of 3rd period - Stopped by Devan Dubnyk without a rebound.
0:11 of 3rd period - Darroll Powe wins face-off versus Evgeny Kuznetsov in Devils zone.
0:22 of 3rd period - Colin Miller is hit by Jared Knight and loses puck.
0:29 of 3rd period - Snap shot by Evgeny Kuznetsov.
0:29 of 3rd period - Shot Misses the Net.
1:03 of 3rd period - Keith Ballard is hit by Pascal Pelletier and loses puck.
1:16 of 3rd period - Wrist shot by Mikhail Grigorenko.
1:16 of 3rd period - Stopped by Devan Dubnyk with a rebound.
1:18 of 3rd period - Slapshot by Derek Forbort.
1:18 of 3rd period - Shot Misses the Net.
1:20 of 3rd period - Slapshot by Derek Forbort.
1:20 of 3rd period - Shot Hit the Post.
1:22 of 3rd period - Slapshot by Matej Stransky.
1:22 of 3rd period - Shot Misses the Net.
2:15 of 3rd period - Wrist shot by Sergey Andronov.
2:15 of 3rd period - Stopped by Niklas Svedberg with a rebound.
2:58 of 3rd period - Snap shot by Ryan Malone.
2:58 of 3rd period - Shot Misses the Net.
4:46 of 3rd period - Sergey Andronov is hit by Luke Gazdic and loses puck.
4:55 of 3rd period - Snap shot by Luke Gazdic.
4:55 of 3rd period - Stopped by Devan Dubnyk without a rebound.
4:56 of 3rd period - C.J. Stretch wins face-off versus Jordan Martinook in Devils zone.
5:07 of 3rd period - Matej Stransky is hit by Sergey Andronov and loses puck.
5:58 of 3rd period - Minor Penalty to Matthew Ford for Roughing.
5:59 of 3rd period - Evgeny Kuznetsov wins face-off versus Darroll Powe in Devils zone.
6:03 of 3rd period - Snap shot by Evgeny Kuznetsov.
6:03 of 3rd period - Shot Misses the Net.
6:05 of 3rd period - Slapshot by Joe Morrow.
6:05 of 3rd period - Shot Misses the Net.
6:07 of 3rd period - Wrist shot by Keith Ballard.
6:07 of 3rd period - Shot Misses the Net.
6:09 of 3rd period - Wrist shot by Ryan Malone.
6:09 of 3rd period - Stopped by Devan Dubnyk with a rebound.
6:11 of 3rd period - Slapshot by Keith Ballard.
6:11 of 3rd period - Deflect By Evgeny Kuznetsov.
6:11 of 3rd period - Shot Blocked by Sergei Gonchar.
6:11 of 3rd period - Puck is out of play.
6:12 of 3rd period - Darroll Powe wins face-off versus Evgeny Kuznetsov in Devils zone.
6:12 of 3rd period - Darroll Powe is hit by Ryan Malone.
6:50 of 3rd period - Wrist shot by Mikhail Grigorenko.
6:50 of 3rd period - Stopped by Devan Dubnyk with a rebound.
6:52 of 3rd period - Wrist shot by Jason Jaffray.
6:52 of 3rd period - Stopped by Devan Dubnyk without a rebound.
6:53 of 3rd period - Mikhail Grigorenko wins face-off versus Sergey Andronov in Devils zone.
7:22 of 3rd period - Jared Knight is hit by Darroll Powe and loses puck.
7:27 of 3rd period - Slapshot by Theo Peckham.
7:27 of 3rd period - Shot Misses the Net.
7:49 of 3rd period - Theo Peckham is hit by Mikhail Grigorenko and loses puck.
7:58 of 3rd period - Penalty to Matthew Ford is over, Matthew Ford is back on ice.
8:32 of 3rd period - Snap shot by Brett Olson.
8:32 of 3rd period - Shot Blocked by Theo Peckham.
8:34 of 3rd period - Wrist shot by Raffi Torres.
8:34 of 3rd period - Stopped by Devan Dubnyk with a rebound.
9:18 of 3rd period - Drew MacKenzie is hit by Luke Gazdic and loses puck.
9:26 of 3rd period - Snap shot by Sean Collins.
9:26 of 3rd period - Stopped by Niklas Svedberg with a rebound.
9:28 of 3rd period - Wrist shot by Sergey Andronov.
9:28 of 3rd period - Stopped by Niklas Svedberg with a rebound.
9:43 of 3rd period - Sean Collins is hit by Luke Gazdic and loses puck.
10:11 of 3rd period - Jordan Martinook is hit by Jason Jaffray and loses puck.
10:48 of 3rd period - Wrist shot by Evgeny Kuznetsov.
10:48 of 3rd period - Shot Blocked by Sergei Gonchar.
11:23 of 3rd period - Off-side.
11:24 of 3rd period - Brendan Shinnimin wins face-off versus Mikhail Grigorenko in neutral zone.
12:02 of 3rd period - Jared Knight is hit by Darroll Powe and loses puck.
12:34 of 3rd period - Snap shot by Jordan Martinook.
12:34 of 3rd period - Shot Blocked by Keith Ballard.
14:50 of 3rd period - Slapshot by Zach O'Brien.
14:50 of 3rd period - Shot Misses the Net.
14:52 of 3rd period - Snap shot by Zach O'Brien.
14:52 of 3rd period - Shot Misses the Net.
15:00 of 3rd period - Slapshot by Sergey Andronov.
15:00 of 3rd period - Stopped by Niklas Svedberg without a rebound.
15:01 of 3rd period - Brett Olson wins face-off versus Zach O'Brien in Monarchs zone.
16:50 of 3rd period - Joe Morrow is hit by Colin Miller and loses puck.
16:59 of 3rd period - Snap shot by Pascal Pelletier.
16:59 of 3rd period - Shot Blocked by Joe Morrow.
17:33 of 3rd period - Joe Morrow is hit by Theo Peckham and loses puck.
18:42 of 3rd period - Jordan Martinook is hit by Derek Forbort and loses puck.
18:49 of 3rd period - Snap shot by Matthew Ford.
18:49 of 3rd period - Stopped by Niklas Svedberg with a rebound.
18:51 of 3rd period - Wrist shot by Jordan Martinook.
18:51 of 3rd period - Stopped by Niklas Svedberg without a rebound.
18:52 of 3rd period - Rick Kowalsky call a timeout for Devils.
18:52 of 3rd period - Rod Pelley wins face-off versus Brett Olson in Monarchs zone.
19:17 of 3rd period - Devils, Devan Dubnyk is pulled from the net.
19:27 of 3rd period - Drew MacKenzie is hit by Ryan Malone and loses puck.
Goals for this period are 0 for Monarchs vs 0 for Devils.
Shots for this period are 7 for Monarchs vs 6 for Devils.


Output by the SimonT Hockey Simulator (STHS) for Eric Dolegowski -- Original Page W3C XHTML 1.0 Valid
Hockey Simulator - Hockey Simulation - Hockey Manager